 Dungeon Crawl Stone Soup version 0.18-a0-1202-g796ae12 (webtiles) character file.

6843 Reinor the Destroyer (level 10, -3/56 HPs)
             Began as a Deep Elf Conjurer on Jan 31, 2016.
             Was an Elder of Vehumet.
             Slain by a komodo dragon (30 damage)
             ... on level 8 of the Dungeon.
             The game lasted 01:04:32 (11580 turns).

Reinor the Destroyer (Deep Elf Conjurer)           Turns: 11580, Time: 01:04:34

Health: -3/56      AC: 10    Str:  7    XL:     10   Next: 78%
Magic:  26/26      EV: 13    Int: 24    God:    Vehumet [****..]
Gold:   414        SH:  2    Dex: 18    Spells: 8 memorised, 10 levels left

rFire  + . .     SeeInvis +     i - +0 quarterstaff
rCold  x . .     Gourm    .     a - +1 robe
rNeg   + . .     Faith    .     (shield currently unavailable)
rPois  .         Spirit   .     (no helmet)
rElec  .         Dismiss  .     (no cloak)
rCorr  .         Reflect  .     p - +0 pair of gloves
SustAt .         Harm     .     (no boots)
MR     +....                    (no amulet)
Stlth  +++.......               o - ring of fire
                                d - ring "Gedwuq" {rN+ Dex+2 SInv}

@: somewhat resistant to hostile enchantments, fairly stealthy
A: hooves 1, large bone plates 1, rough black scales 1, thin skeletal structure
1, deterioration 1, strong 1
a: Renounce Religion


You were on level 8 of the Dungeon.
You worshipped Vehumet.
Vehumet was greatly pleased with you.
You were not hungry.

You visited 3 branches of the dungeon, and saw 11 of its levels.
You also visited: Ossuary.

You collected 414 gold pieces.

Inventory:

Hand Weapons
 i - a +0 quarterstaff (weapon)
Missiles
 r - 6 curare-tipped needles
Armour
 a - a +1 robe (worn)
 p - a +0 pair of gloves (worn)
Jewellery
 d - the ring "Gedwuq" (left hand) {rN+ Dex+2 SInv}
   (You found it on level 5 of the Dungeon)

   [ring of positive energy]

   It affects your dexterity (+2).
   It protects you from negative energy.
   It lets you see invisible.
 o - a ring of fire (right hand)
Wands
 s - a wand of flame (37/48)
 w - a wand of teleportation (5/9)
 y - a wand of flame (26/48)
 z - a wand of random effects (10/48)
Scrolls
 f - 9 scrolls of remove curse
 g - 6 scrolls of teleportation
 n - a scroll of fear
Potions
 e - 3 potions of agility
 h - 8 potions of curing
 j - 4 potions of flight
 k - 4 potions of brilliance
 m - 2 potions of cancellation
 t - a potion of lignification
 x - a potion of resistance
Comestibles
 b - 28 fruits
 c - 4 bread rations
 l - a royal jelly
 q - 15 chunks of flesh
 u - 2 meat rations


   Skills:
 - Level 3.0 Fighting
 - Level 2.4 Dodging
 - Level 2.4 Stealth
 - Level 10.1 Spellcasting
 + Level 13.2 Conjurations
 - Level 11.0 Charms
 + Level 1.0 Fire Magic


You had 10 spell levels left.
You knew the following spells:

 Your Spells              Type           Power        Failure   Level  Hunger
a - Shock                 Conj/Air       ####         1%          1    None
b - Iskenderun's Battles  Conj/Chrm      ######..     1%          5    ####...
c - Dazzling Spray        Conj/Hex       #####...     1%          3    None
d - Searing Ray           Conj           ######       1%          2    None
e - Sting                 Conj/Pois      ####         1%          1    None
f - Magic Dart            Conj           ####         1%          1    None
g - Throw Flame           Conj/Fire      ######       1%          2    None
h - Throw Icicle          Conj/Ice       ###.....     1%          4    #......


Dungeon Overview and Level Annotations

Branches:
Dungeon (9/15)             Temple (1/1) D:4            Lair (1/8) D:8
    Orc: D:9-12

Altars:
Ashenzari
Cheibriados
Dithmenos
Elyvilon
Fedhas
Gozag
Kikubaaqudgha
Makhleb
Nemelex Xobeh
Okawaru
Pakellas
Qazlal
Ru
Sif Muna
Trog
Vehumet
Xom
Yredelemnul
Zin
The Shining One

Shops:
D:8 (

Annotations:
D:9 Banto's ghost, novice TrAM


Innate Abilities, Weirdness & Mutations

You have large cloven feet.
You are partially covered in large bone plates (AC +2, SH +2).
You are partially covered in rough black scales (AC +4, Dex -1).
You have a somewhat thin skeletal structure (Dex +2, Stealth).
Your body sometimes deteriorates upon taking damage.
Your muscles are strong. (Str +2)


Message History

HP restored.
You start resting.
Magic restored.
You aren't carrying or standing over any spellbooks.
Unknown command.
You climb downwards.
Welcome to the Lair of Beasts!
The porcupine bites you! The komodo dragon bites you!
There is a staircase back to the Dungeon, spattered with blood here.
The porcupine bites you but does no damage.
The komodo dragon closely misses you.
You climb upwards.
Welcome back to the Dungeon!
There is a staircase to the Lair here.
Read which item? (? for menu, Esc to quit)
As you read the scroll of fear, it crumbles to dust.
You assume a fearsome visage.
The butterfly looks frightened!
The porcupine looks frightened!
The komodo dragon resists with some effort.
The komodo dragon bites you!!
Ouch! That really hurt!
You die...

#############.#...## #.#
###......### #.#
##....P.....## #.#
#...b........# #.#
##.......b....## #.#
#..............# #.#
##..P..#[##.....# #.#
#......#rl#.....####.#####
#......#.@#...P....#......
#..P...####.....##.#######
#...............##.### ###
#.#..P.P÷......#.....# #..
#.#...P........#.#.#.###.#
#.##...÷......#..........[
#....#...........#.#.###.#
####.###..######.....##...
#####
#...............####...


You could see a komodo dragon and a porcupine (fleeing).

Vanquished Creatures
  The ghost of donomii the Fighter, a novice CeAK of Lugonu (D:8)
  A two-headed ogre (D:8)
  Eustachio (D:5)
  5 yaks (D:8)
  A hippogriff (D:8)
  Duvessa (D:6)
  An ice beast (D:5)
  2 sky beasts (D:6)
  5 orc warriors
  3 necrophages (D:8)
  2 centaurs
  3 ogres
  A crocodile (D:8)
  A big kobold (D:8)
  3 giant frogs
  3 gnoll sergeants (D:6)
  A wyvern zombie (D:6)
  Dowan (D:6)
  A troll zombie (Ossuary)
  A scorpion (D:4)
  15 killer bees
  3 wights (D:8)
  2 electric eels (D:8)
  3 centaur zombies
  3 crimson imps
  9 hounds
  4 jellies
  3 giant frog skeletons
  A gnoll shaman (D:6)
  2 orc priests
  5 orc wizards
  2 iguanas
  Ijyb (D:2)
  4 worker ants
  A statue (D:4)
  2 ogre zombies (Ossuary)
  A hound skeleton (D:4)
  11 mummies
  A worker ant zombie (D:8)
  20 gnolls
  9 adders
  2 river rats (D:8)
  2 shadow imps
  An ooze (D:1)
  7 adder zombies
  An adder skeleton (D:7)
  2 worms (D:2)
  4 giant geckos
  26 orcs
  A ball python (D:5)
  5 giant cockroaches
  A gnoll zombie (Ossuary)
  14 goblins
  5 hobgoblins
  6 jackals
  18 bats
  A giant gecko skeleton (D:4)
  4 giant newts
  4 goblin zombies (Ossuary)
  2 hobgoblin zombies (Ossuary)
  A jackal skeleton (D:8)
  4 kobolds
  5 kobold zombies (Ossuary)
  A quokka skeleton (D:7)
  7 quokka zombies
  22 rats
  3 rat zombies (Ossuary)
289 creatures vanquished.

Vanquished Creatures (others)
  22 fungi (D:8)
  9 plants (D:8)
  A withered plant (D:8)
32 creatures vanquished.

Grand Total: 321 creatures vanquished

Notes
Turn   | Place    | Note
--------------------------------------------------------------
     0 | D:1      | Reinor the Deep Elf Conjurer began the quest for the Orb.
     0 | D:1      | Reached XP level 1. HP: 10/10 MP: 6/6
   153 | D:1      | Reached XP level 2. HP: 15/15 MP: 4/8
   342 | D:1      | Reached skill level 5 in Conjurations
   718 | D:1      | Reached XP level 3. HP: 19/19 MP: 6/10
   722 | D:1      | Learned a level 2 spell: Searing Ray
   726 | D:1      | Learned a level 3 spell: Dazzling Spray
  1190 | D:2      | Noticed Ijyb
  1198 | D:2      | Killed Ijyb
  1198 | D:2      | Reached XP level 4. HP: 24/24 MP: 3/12
  1377 | D:2      | Found a faded altar to an unknown god.
  2085 | D:3      | Reached skill level 5 in Spellcasting
  2273 | D:3      | Reached XP level 5. HP: 22/28 MP: 5/14
  2279 | D:3      | Reached skill level 6 in Conjurations
  2286 | D:3      | Learned a level 5 spell: Iskenderun's Battlesphere
  2725 | D:4      | Reached skill level 1 in Fighting
  2725 | D:4      | Reached skill level 1 in Charms
  2900 | D:4      | Found a radiant altar of Vehumet.
  2900 | D:4      | Noticed a frost-covered statue
  3331 | D:4      | Found a staircase to the Ecumenical Temple.
  3336 | Temple   | Entered the Ecumenical Temple
  3445 | D:4      | Reached XP level 6. HP: 34/34 MP: 9/15
  3585 | D:4      | Found a white marble altar of Elyvilon.
  3585 | D:4      | Found an oddly glowing altar of Pakellas.
  3586 | D:4      | Found a deep blue altar of Sif Muna.
  3785 | D:4      | Found a snail-covered altar of Cheibriados.
  3845 | D:4      | Reached skill level 7 in Conjurations
  4462 | D:4      | Became a worshipper of Vehumet
  4517 | D:5      | Entered Level 5 of the Dungeon
  4525 | D:5      | Got a pitted copper ring
  4526 | D:5      | Identified the ring "Gedwuq" {rN+ Dex+2 SInv} (You found it on level 5 of the Dungeon)
  4535 | D:5      | Found a sand-covered staircase.
  4547 | D:5      | Learned a level 4 spell: Iskenderun's Mystic Blast
  4553 | Ossuary  | Entered an ossuary
  4731 | Ossuary  | Reached XP level 7. HP: 38/38 MP: 11/16
  4859 | Ossuary  | Reached skill level 5 in Charms
  5294 | Ossuary  | Reached * piety under Vehumet
  5294 | Ossuary  | Offered knowledge of Sting by Vehumet.
  5612 | Ossuary  | Reached skill level 8 in Conjurations
  5696 | D:5      | Learned a level 1 spell: Sting
  5799 | D:5      | Noticed Eustachio
  6023 | D:5      | Killed Eustachio
  6095 | D:5      | Reached XP level 8. HP: 16/43 MP: 10/17
  6566 | D:6      | Reached skill level 9 in Conjurations
  7318 | D:6      | Reached ** piety under Vehumet
  7323 | D:6      | Offered knowledge of Shock by Vehumet.
  7323 | D:6      | Reached skill level 10 in Conjurations
  7326 | D:6      | Learned a level 1 spell: Shock
  7425 | D:6      | Reached skill level 10 in Charms
  7432 | D:6      | Gained mutation: You evolve. [mutagenic meat]
  7433 | D:6      | Gained mutation: Your muscles are strong. (Str +2) [mutagenic meat]
  7434 | D:6      | Gained mutation: You are partially covered in large bone plates (AC +2, SH +2). [mutagenic meat]
  7435 | D:6      | Gained mutation: Your body sometimes deteriorates upon taking damage. [mutagenic meat]
  7436 | D:6      | Gained mutation: You have a somewhat thin skeletal structure (Dex +2, Stealth). [mutagenic meat]
  7437 | D:6      | Gained mutation: You are partially covered in rough black scales (AC +4, Dex -1). [mutagenic meat]
  7476 | D:6      | Reached XP level 9. HP: 47/47 MP: 6/18
  8031 | D:6      | Reached skill level 11 in Charms
  8062 | D:6      | Gained mutation: You have large cloven feet. [evolution]
  8062 | D:6      | Lost mutation: You evolve. [end of evolution]
  8197 | D:6      | Noticed Duvessa
  8200 | D:6      | Noticed Dowan
  8201 | D:6      | Killed Duvessa
  8205 | D:6      | Killed Dowan
  8367 | D:6      | Found an oddly glowing altar of Pakellas.
  8367 | D:6      | Noticed a rakshasa
  8573 | D:7      | Found an ancient bone altar of Kikubaaqudgha.
  8631 | D:7      | Offered knowledge of Throw Flame by Vehumet.
  8635 | D:7      | Learned a level 2 spell: Throw Flame
  8775 | D:7      | Reached *** piety under Vehumet
  8923 | D:7      | Found a shadowy altar of Dithmenos.
  9359 | D:8      | Found Odestrott's Antique Weapon Emporium.
  9653 | D:8      | Found a stormy altar of Qazlal.
  9753 | D:8      | Reached XP level 10. HP: 56/56 MP: 14/22
  9758 | D:8      | Offered knowledge of Stone Arrow by Vehumet.
  9779 | D:8      | Reached skill level 12 in Conjurations
  9929 | D:8      | Noticed donomii's ghost (novice CeAK)
 10006 | D:8      | Killed donomii's ghost
 10007 | D:8      | Reached **** piety under Vehumet
 10236 | D:8      | Offered knowledge of Throw Icicle by Vehumet.
 10242 | D:8      | Learned a level 4 spell: Throw Icicle
 10491 | D:8      | Found a shimmering altar of Xom.
 10832 | D:8      | Found a staircase to the Lair.
 10971 | D:9      | Noticed Banto's ghost (novice TrAM)
 11189 | Lair:1   | Entered Level 1 of the Lair of Beasts
 11462 | D:8      | Reached skill level 13 in Conjurations
 11466 | D:8      | Reached skill level 10 in Spellcasting
 11468 | D:8      | Reached skill level 1 in Fire Magic
 11580 | D:8      | Slain by a komodo dragon

Vault maps used:
D:1:      dpeg_arrival_arbitrary_b
D:2:      ecumenical_altar_1, first_bread, uniq_iyjb
D:3:      wad_lake_hut, uniq_natasha
D:4:      kennysheep_mini_moat, vehumet_statue,
          gammafunk_temple_overflow_forgotten, temple_doors_e
D:5:      nicolae_ossuary_entry_monument, minmay_misc_feat_room, uniq_eustachio
D:6:      serial_gnoll_camp, gnoll_camp_mini_loothouse, gnoll_camp_mini_hut,
          gnoll_camp_mini_house, gnoll_camp_huts_basic,
          gammafunk_pakellas_cloud_experiment, uniq_duvessa
D:7:      grunt_dithmenos_smoke_and_mirrors, lemuel_crystal_altar
D:8:      xom_butterflies, nicolae_qazlal_eye_of_the_storm,
          grunt_lair_entry_orc_guard_hut, serial_shops, shop_statue,
          serial_undead, serial_undead_b, serial_undead_e, serial_undead_d,
          serial_undead_d, serial_undead_a, serial_undead_d, serial_undead_f,
          minivault_4, eino_tiny_chamber, blue_anna_alchemist,
          kennysheep_generic_room_13
D:9:      st_stairs_9
Temple:   triangle_lava_temple_11
Lair:1:   grunt_megastairs_4, infiniplex_staircase_pool
Ossuary:  ossuary_boxes_badplayer

Action                   |  1- 3 |  4- 6 |  7- 9 | 10-12 || total
-------------------------+-------+-------+-------+-------++-------
Melee: Unarmed           |    12 |     2 |       |       ||    14
       Quarterstaff      |       |    20 |    14 |     7 ||    41
 Cast: Magic Dart        |    78 |   157 |   214 |     2 ||   451
       Dazzling Spray    |       |     5 |     3 |     9 ||    17
       Searing Ray       |       |     6 |     9 |       ||    15
       Sting             |       |       |    14 |       ||    14
       Iskenderun's Batt |       |       |    17 |    20 ||    37
       Shock             |       |       |   104 |   128 ||   232
       Throw Flame       |       |       |       |     6 ||     6
  Use: Scroll            |     6 |     7 |     7 |     6 ||    26
       Potion            |       |     2 |     3 |     3 ||     8
  Eat: Chunk             |     1 |    10 |    20 |     9 ||    40
       Bread ration      |       |       |     1 |       ||     1
       Beef jerky        |       |       |     1 |       ||     1
       Fruit             |       |       |       |     2 ||     2
